[Event "*** Titled Tuesday Blitz"]
[Site "Chess.com"]
[Date "2019.12.03"]
[Round "3"]
[White "arminmusovic"]
[Black "Lovkov_Roman"]
[Result "1/2-1/2"]
[WhiteElo "2547"]
[BlackElo "2765"]
[TimeControl "180+2"]
[EndTime "13:38:53 PST"]
[Termination "Game drawn by agreement"]

1. a3 e5 2. Nc3 Nf6 3. d4 exd4 4. Qxd4 Nc6 5. Qa4 Bc5 6. Bg5 h6 7. Bh4 g5 8. Bg3 d6 9. h4 g4 10.
h5 Qe7 11. Bh4 Qe5 12. O-O-O Be6 13. Bxf6 Qxf6 14. Ne4 Qe5 15. Nxc5 Qxc5 16. e3 g3 17. Nf3 gxf2 18. Nd4 Bd7 19. Bb5 O-O-O 20. Rhf1 Nxd4 21.
Bxd7+ Rxd7 22. exd4 Qg5+ 23. Kb1 a6 24. Rxf2 Qxh5 25. Rdf1 Rg8 26. Rf5 Qg6 27. Rf6 Qxg2 28. b3 Qe4 29. Rxh6 Re7 30. Qc4 d5 31. Qc5 Kb8 32. Rhf6 Rc8 33. Kb2 Re6 34. R6f4 Qe2 35. Qxd5 Rc6 36. Qe4 Qd2 37. R1f3 Rd8 38. a4 f6 39. Rf2 Qc3+ 40. Ka2 Rdd6 41. Qe8+ Ka7 42. Qe4 Qb4 43. R4f3 Rxd4 44. Qe3 Qc5 45. c3 Rd5 46.
Qxc5+ Rdxc5 47. c4 Re5 48. Rxf6 Rxf6 49. Rxf6 a5 50. Rf7 c6 51. Rf3 Kb6 52. Kb2 Kc5 53. Kc3 Rh5 54. Rg3 Re5 1/2-1/2

[Event "*** Titled Tuesday Blitz"]
[Site "Chess.com"]
[Date "2019.12.03"]
[Round "3"]
[White "brendan174"]
[Black "ruvat"]
[Result "0-1"]
[WhiteElo "2122"]
[BlackElo "2368"]
[TimeControl "180+2"]
[EndTime "13:38:53 PST"]
[Termination "ruvat won by resignation"]

1. d4 d6 2. Nc3 Nf6 3. e4 g6 4. Be3 Bg7 5. f3 c6 6. Qd2 b5 7. h4 h5 8. Bd3 Qc7 9. Nge2 Nbd7 10. a3 a5 11. O-O Bb7 12. Nd1 O-O 13. Nf2 e5 14. Bh6 d5 15. Bxg7 Kxg7 16. c3 Qb6 17. Kh1 c5 18. Rad1 Rad8 19. dxe5 Nxe5 20. Qg5 Nxd3 21. Rxd3 dxe4 22. Rxd8 Rxd8 23. Nxe4 Bxe4 24. fxe4 Nxe4 25. Qe5+ Nf6 26. Ng3 Rd5 27. Rxf6 Qxf6 28. Qxd5 Qxh4+ 29. Kg1 Qxg3 30. Qxc5 h4 31. Kh1 h3 32. gxh3 Qxh3+ 33. Kg1 Qg3+ 34. Kf1 Qd3+ 35. Kf2 a4 36. Qe5+ Kh7 37. Qh2+ Kg8 38. Qb8+ Kg7 39.
Qe5+ Kf8 40. Qb8+ Ke7 41. Qb7+ Qd7 42. Qe4+ Kf8 43. Qa8+ Kg7 44. Qb8 Qf5+ 45. Ke2 g5 46.
Qd8 Qe4+ 47. Kf2 Qf4+ 48. Ke2 g4 49. Qd5 Qc4+ 50. Qxc4 bxc4 0-1

[Event "*** Titled Tuesday Blitz"]
[Site "Chess.com"]
[Date "2019.12.03"]
[Round "3"]
[White "RitvarsReimanis"]
[Black "JonahWillow"]
[Result "0-1"]
[WhiteElo "2574"]
[BlackElo "2788"]
[TimeControl "180+2"]
[EndTime "13:38:54 PST"]
[Termination "JonahWillow won by resignation"]

1. d4 d5 2. c4 dxc4 3. Nf3 a6 4. e3 Bg4 5. Bxc4 e6 6. Qa4+ Nd7 7. Be2 Nf6 8. O-O Bd6 9. Nc3 O-O 10. b4 e5 11. Rd1 e4 12. Ne1 Re8 13. h3 Bxe2 14. Nxe2 Nd5 15. a3 b5 16. Qb3 N7b6 17. Nc3 Nxc3 18.
Qxc3 Qg5 19. f4 Qg3 20. Qd2 Nc4 21. Qf2 Qg6 22. g4 f5 23. Qg3 a5 24. bxa5 Rxa5 25.
Rb1 c6 26. Ng2 fxg4 27. hxg4 Bxa3 28. d5 cxd5 29. Rxd5 Qc6 30. Rd1 Bxc1 31. Rdxc1 Ra2 32. Ra1 Rea8 33. Rxa2 Rxa2 34. Qe1 Qd7 35. f5 Qd3 36. Nf4 Qxe3+ 37. Qxe3 Nxe3 38. Rc8+ Kf7 39. Rc7+ Kf6 40. Nh5+ Ke5 41. Rxg7 Rg2+ 42. Kh1 Rxg4 43. f6 Rh4+ 44. Kg1 Rxh5 45. f7 Rf5 46. Rxh7 Ke6 47.
Rh6+ Kxf7 48. Rb6 Nc4 49. Rb8 Ke6 50. Kh2 Kf6 51. Kg3 e3 52. Kg4 Rg5+ 53. Kf4 Rf5+ 54. Ke4 Re5+ 55. Kd3 e2 56. Rf8+ Kg7 0-1

[Event "*** Titled Tuesday Blitz"]
[Site "Chess.com"]
[Date "2019.12.03"]
[Round "3"]
[White "PawnEatingZombie"]
[Black "coalescenet"]
[Result "1/2-1/2"]
[WhiteElo "2126"]
[BlackElo "2353"]
[TimeControl "180+2"]
[EndTime "13:39:00 PST"]
[Termination "Game drawn - insufficient material"]

1. d4 Nf6 2. c4 e6 3. Nc3 Bb4 4.
Qc2 O-O 5. e4 d5 6. e5 Nfd7 7.
Bd3 f5 8. exf6 Nxf6 9. Nf3 c5 10. a3 dxc4 11. Bxc4 Bxc3+ 12. bxc3 cxd4 13. cxd4 Nc6 14. O-O Nxd4 15. Nxd4 Qxd4 16. Bb2 Qg4 17. Rad1 b5 18.
Bxb5 Bb7 19. f3 Qh5 20. Bc4 Nd5 21. Qe2 Qg6 22. Rd2 Nf4 23. Qe5 Rac8 24. Bb3 Rcd8 25. Bd4 Rf5 26. Qe3 Nd5 27. Qf2 Nf4 28. Kh1 Kh8 29. Re1 Nxg2 30. Rxe6 Qf7 31. Re3 Rxf3 32. Bxf7 Rxf2 33. Rxf2 Nxe3+ 34. Kg1 Rxd4 35. Re2 Rd1+ 36. Kf2 Ng4+ 37. Kg3 Nf6 38. Re7 Rd3+ 39. Kf2 Ba6 40. Rxa7 Rd7 41. Rxa6 Rxf7 42. Ra8+ Ng8+ 43. Ke3 h6 44. a4 Kh7 45. a5 Ne7 46. a6 Nc6 47. Ke4 Ra7 48. Rxa7 Nxa7 49. Kd5 g5 50. Kc5 g4 51. Kb6 Nc8+ 52. Kc7 Nd6 53. Kc6 Nc8 54. Kc7 Na7 55. Kb7 h5 56. Kxa7 h4 57. Kb8 g3 58. hxg3 hxg3 59. a7 g2 60. a8=Q g1=Q 61. Qe4+ Qg6 62. Qxg6+ Kxg6 1/2-1/2

[Event "*** Titled Tuesday Blitz"]
[Site "Chess.com"]
[Date "2019.12.03"]
[Round "3"]
[White "GrigorGrigorov"]
[Black "albi1999"]
[Result "0-1"]
[WhiteElo "2810"]
[BlackElo "2593"]
[TimeControl "180+2"]
[EndTime "13:39:03 PST"]
[Termination "albi1999 won by resignation"]

1. d4 Nf6 2. c4 e6 3. Nf3 d5 4. g3 dxc4 5. Bg2 c5 6. O-O Nc6 7. dxc5 Qxd1 8. Rxd1 Bxc5 9. Nc3 O-O 10. Bf4 Bd7 11. Ne5 Rfd8 12. Nxc4 Be8 13. Nd6 Bxd6 14. Bxd6 Rac8 15. Rd2 b6 16. Rad1 Na5 17. Bf4 Rxd2 18. Bxd2 Bc6 19. f3 Rd8 20. Bc1 Rxd1+ 21. Nxd1 Kf8 22. b3 Nb7 23. e4 Bb5 24. Nc3 Ba6 25.
e5 Nd7 26. f4 Nbc5 27. b4 Nd3 28. Ba3 Bc4 29. Bc6 Nb8 30. Be4 b5 31. Bb7 Ke7 32.
Kg2 Kd7 33. Kf3 Kc7 34. Be4 Nc6 35. Bxh7 Ndxb4 36. Bg8 Nxa2 37. Nxa2 Bxa2 38. Bd6+ Kd7 39. Bxf7 Bd5+ 40. Ke3 b4 41. h4 a5 42. h5 a4 43.
Bg6 a3 44. Bb1 a2 45. Bxa2 Bxa2 46. g4 Bb1 47. Bf8 b3 48. Kd2 Be4 49. Kc3 Bf3 50.
Bxg7 Bxg4 51. h6 Bf5 52. Kxb3 Nd4+ 53. Kc4 Ne2 54. Kc5 Nxf4 55. Kb6 Nd5+ 56. Kc5 Ke8 57. Kd6 Kf7 58. Kd7 Bh7 59. Kd6 Ne3 0-1

[Event "*** Titled Tuesday Blitz"]
[Site "Chess.com"]
[Date "2019.12.03"]
[Round "3"]
[White "chessasuke"]
[Black "Walter_White_Poland"]
[Result "0-1"]
[WhiteElo "2618"]
[BlackElo "2326"]
[TimeControl "180+2"]
[EndTime "13:39:07 PST"]
[Termination "Walter_White_Poland won by resignation"]

1. e4 e5 2. Nf3 Nc6 3. Nc3 Nf6 4. g3 Bb4 5. d3 Bxc3+ 6. bxc3 d5 7. exd5 Qxd5 8.
Bg2 O-O 9. O-O h6 10. Re1 Bg4 11. h3 Bxf3 12. Bxf3 Qc5 13. Bd2 Rfe8 14. Bg2 Rad8 15. Qe2 Nd5 16. d4 exd4 17. Qxe8+ Rxe8 18. Rxe8+ Kh7 19. Be4+ g6 20. Bxd5 Qxd5 21. Rae1 Qxa2 22. cxd4 Qxc2 23. Bf4 g5 24. Be3 Qf5 25. Rd1 Qxh3 26. d5 Ne5 27. Rxe5 Qg4 28. Re1 Qb4 29. Bc1 a5 30.
R5e4 Qc3 31. Rd1 b5 32. Bd2 Qc2 33. Ree1 a4 34. Bb4 Qc4 35. Rb1 Qxd5 36. Rec1 c6 37. Rc3 Kg6 38. Rbc1 Qd4 39. Rxc6+ Kh7 40. Bc3 Qe4 41.
Rc7 b4 42. Rxf7+ Kg6 43. Rf6+ Kh5 44. Bd2 b3 45. Rcc6 b2 46. Rxh6+ Kg4 47. Rb6 b1=Q+ 48. Rxb1 Qxb1+ 49. Kh2 Qb7 50. Rg6 Qd5 51. Rxg5+ Qxg5 52. f3+ Kf5 53. g4+ Kg6 54. Bxg5 Kxg5 55. Kg3 a3 56. f4+ Kg6 57. Kh4 a2 58. f5+ Kg7 59. Kh5 a1=Q 0-1

[Event "*** Titled Tuesday Blitz"]
[Site "Chess.com"]
[Date "2019.12.03"]
[Round "3"]
[White "Fiona"]
[Black "LimeInTheCoconut"]
[Result "0-1"]
[WhiteElo "2071"]
[BlackElo "2347"]
[TimeControl "180+2"]
[EndTime "13:39:07 PST"]
[Termination "LimeInTheCoconut won on time"]

1. e4 c5 2. Nc3 Nc6 3. f4 e6 4. Nf3 d6 5. d3 Nf6 6. g3 Be7 7.
Bg2 O-O 8. O-O d5 9. Qe1 dxe4 10. dxe4 b6 11. h3 Ba6 12. Rf2 Qc7 13. Be3 Rad8 14.
Rd1 Rxd1 15. Qxd1 Rd8 16. Rd2 Rxd2 17. Qxd2 Qd8 18. Qxd8+ Bxd8 19. Bf1 Bxf1 20. Kxf1 Nd7 21. a3 f5 22. exf5 exf5 23. Nd5 Kf7 24. c4 Na5 25. Nd2 Nf6 26. Nc3 a6 27. b4 cxb4 28. axb4 Nc6 29. b5 axb5 30. cxb5 Na5 31. Ke2 Ke6 32. Kd3 Nd5 33.
Nxd5 Kxd5 34. g4 g6 35. Bf2 fxg4 36. hxg4 h5 37. gxh5 gxh5 38. Nf3 Nc4 39. Bh4 Bc7 40. f5 Na3 41. Nd4 Be5 42. Ne6 Nxb5 43. Nf8 Bd6 44. Nd7 Bc7 45. f6 Ke6 46. Nf8+ Kf7 47. Nd7 Nd6 48. Ke3 Ke6 49. Nxb6 Bxb6+ 50. Kf4 Nf7 51. Bg5 Bc7+ 0-1

[Event "*** Titled Tuesday Blitz"]
[Site "Chess.com"]
[Date "2019.12.03"]
[Round "3"]
[White "XDPS"]
[Black "rezacz"]
[Result "0-1"]
[WhiteElo "2733"]
[BlackElo "2462"]
[TimeControl "180+2"]
[EndTime "13:39:10 PST"]
[Termination "rezacz won by resignation"]

1. d4 d5 2. Nf3 e6 3. Bf4 c5 4. e3 Nc6 5. c3 Nf6 6. Nbd2 Bd6 7. Bg3 Qc7 8. dxc5 Bxg3 9. hxg3 a5 10. Bb5 Qe7 11. b4 Bd7 12. a3 e5 13. O-O h5 14.
c4 e4 15. cxd5 exf3 16. dxc6 bxc6 17. Qxf3 Rc8 18. Bc4 h4 19. gxh4 Rxh4 20. g3 Rh6 21. Rfe1 Qe5 22. Bf1 Bg4 23. Qg2 Rd8 24. Nf3 Qh5 25.
Nh2 Be6 26. e4 Ng4 27. Nf3 Rf6 28. Nh2 Rxf2 29. Qxf2 Nxf2 30. Be2 Qh6 31. Nf3 Ng4 32. Bf1 Qf6 33. Bg2 Qc3 34. bxa5 Qxa5 35. Rac1 Qxa3 36. Ng5 Rd2 37. Nf3 Rb2 38. e5 Ne3 39. Bh1 Nd5 40.
Bg2 Qa2 41. Bh1 Qb3 42. Bg2 Ra2 43. Rb1 Qc2 44. Nh4 Qf2+ 45. Kh2 g5 46. Rf1 Qc2 47. Rfc1 Qh7 48. Rb8+ Ke7 49. Rb7+ Bd7 50. e6 fxe6 51. Kg1 gxh4 52. Bxd5 exd5 53. Re1+ Kd8 54. Rb8+ Kc7 55.
Reb1 Bc8 56. R1b6 Qc2 0-1

[Event "*** Titled Tuesday Blitz"]
[Site "Chess.com"]
[Date "2019.12.03"]
[Round "3"]
[White "Man-Chuk"]
[Black "chessdjw"]
[Result "1-0"]
[WhiteElo "2931"]
[BlackElo "2677"]
[TimeControl "180+2"]
[EndTime "13:39:11 PST"]
[Termination "Man-Chuk won by checkmate"]

1. d4 Nf6 2. Bf4 d5 3. e3 c5 4. c3 Nc6 5. Nd2 Bf5 6. Qb3 Qc8 7. Ngf3 e6 8. Nh4 c4 9. Qd1 b5 10. Nxf5 exf5 11. Be2 Be7 12. O-O O-O 13. Qc2 Ne4 14.
Nxe4 fxe4 15. b3 Qe6 16. bxc4 bxc4 17. Rab1 f5 18. Qa4 g5 19. Bc7 Rac8 20. Ba5 f4 21. exf4 gxf4 22. f3 e3 23. Rb7 Kh8 24. Bc7 Rf7 25.
Rfb1 Rg8 26. g3 fxg3 27. Bxg3 Qh3 28. Bf1 Rxg3+ 29. hxg3 Qxg3+ 30. Bg2 Rg7 31. Qc2 h5 32. Rd7 h4 33. Rxd5 Bd6 34. Rh5+ Kg8 35. Qe2 h3 36. Rxh3 Qxh3 37. Re1 Qh2+ 38. Kf1 Bg3 39. Rb1 Bf2 40. Qxc4+ Kh7 41. Qd3+ Kh6 42. Qe4 Qxg2+ 43. Ke2 Bg1+ 44. Kd3 Qd2+ 45. Kc4 Qxa2+ 46. Kc5 Qa5+ 47. Kxc6 Qxc3+ 48. Kd5 Rd7+ 49. Ke6 Qc8 50. Qh4+ Kg7 51. Rxg1+ Kf8 52. Qh8# 1-0

[Event "*** Titled Tuesday Blitz"]
[Site "Chess.com"]
[Date "2019.12.03"]
[Round "3"]
[White "MITerryble"]
[Black "Supernotar"]
[Result "1-0"]
[WhiteElo "2861"]
[BlackElo "2627"]
[TimeControl "180+2"]
[EndTime "13:39:12 PST"]
[Termination "MITerryble won by checkmate"]

1. e4 c6 2. Nf3 d5 3. exd5 cxd5 4. Ne5 Nf6 5. d4 Nc6 6. c3 g6 7. Bd3 Bg7 8. Qe2 O-O 9. f4 Bf5 10. Nd2 e6 11. O-O Bxd3 12. Qxd3 Ne7 13. g4 Nc8 14. f5 exf5 15. gxf5 Nd6 16. fxg6 hxg6 17. Qh3 Qc8 18.
Qg2 Qe6 19. Ndf3 Nfe4 20. Bf4 Rae8 21. Rae1 b5 22. h4 Nc4 23. Nxc4 bxc4 24. Ng5 Qb6 25. Nxe4 dxe4 26. Re3 Re6 27. Rg3 Rfe8 28. h5 e3 29.
hxg6 fxg6 30. Re1 e2 31. Qd5 Qxb2 32. Re3 Kf7 33. R1xe2 Qb1+ 34. Kg2 Qf5 35. Qxf5+ gxf5 36. Rxe6 Rxe6 37. Rb2 Rb6 38. Rxb6 axb6 39. a4 Ke6 40. Bc7 Kd5 41. Bxb6 Ke4 42. Ba5 Kd3 43. Bb4 Ke2 44. Bd6 Bh6 45. a5 f4 46. Bxf4 Bxf4 47.
a6 Bb8 48. d5 Kd3 49. d6 Kxc3 50. d7 Bc7 51. a7 Kb2 52. a8=Q c3 53. Qb7+ Ka1 54.
Qxc7 c2 55. d8=Q c1=Q 56. Qxc1+ Ka2 57. Qd5# 1-0

[Event "*** Titled Tuesday Blitz"]
[Site "Chess.com"]
[Date "2019.12.03"]
[Round "3"]
[White "Aygehovit1992"]
[Black "VeraNebolsina"]
[Result "1-0"]
[WhiteElo "2631"]
[BlackElo "2385"]
[TimeControl "180+2"]
[EndTime "13:39:13 PST"]
[Termination "Aygehovit1992 won by resignation"]

1. e4 g6 2. d4 Bg7 3. Nc3 d6 4. f4 Nf6 5. Nf3 c5 6. dxc5 Qa5 7. Qd4 O-O 8. cxd6 exd6 9. Bd2 Nc6 10. Qxd6 Rd8 11.
Qa3 Qxa3 12. bxa3 Nxe4 13. Nxe4 Bxa1 14. Bd3 Bg4 15. O-O Bxf3 16. Rxf3 Bd4+ 17. Kf1 h6 18. f5 Ne5 19. Rh3 Nxd3 20. cxd3 gxf5 21. Ng3 Rd5 22. Bxh6 Rc8 23. Ne2 Be5 24. Rf3 Bd6 25. d4 Rc2 26.
Bg5 f6 27. Bxf6 Kf7 28. Bg5 Rxa2 29. h4 Rxa3 30. Nc3 Rxd4 31. Rxf5+ Kg8 32. Nb5 Ra1+ 33. Ke2 Re4+ 34. Kf3 Re6 35. Nd4 Rf1+ 36. Kg4 Re4+ 37.
Kh5 Rxf5 38. Nxf5 Bf8 39. Kg6 Re6+ 40. Bf6 a5 41. h5 a4 42. h6 Rxf6+ 43. Kxf6 Bxh6 44.
Nxh6+ Kh7 45. Nf5 b5 46. g4 a3 47. Nd4 b4 48. Nb3 a2 49. g5 Kh8 50. Kf7 Kh7 51.
g6+ 1-0

[Event "*** Titled Tuesday Blitz"]
[Site "Chess.com"]
[Date "2019.12.03"]
[Round "3"]
[White "Firouzja2003"]
[Black "pouya21"]
[Result "0-1"]
[WhiteElo "3152"]
[BlackElo "2737"]
[TimeControl "180+2"]
[EndTime "13:39:16 PST"]
[Termination "pouya21 won on time"]

1. c4 c5 2. g3 g6 3. Bg2 Bg7 4. Nc3 Nc6 5. a3 Nf6 6. Rb1 O-O 7. b4 cxb4 8. axb4 a6 9. e3 Ne5 10. d3 d6 11. h3 Bf5 12. e4 Bd7 13. Nge2 Rc8 14.
Be3 b5 15. f4 Nc6 16. cxb5 axb5 17. Nxb5 Rb8 18. Nec3 Nh5 19. Kf2 Nxb4 20. Qd2 Bxb5 21.
Rxb4 Qa5 22. Rxb5 Rxb5 23. Nxb5 Qxb5 24. Rc1 Qa6 25. Bf3 Nf6 26. d4 Rc8 27. e5 Rxc1 28. Qxc1 Nd7 29. Qc7 Qa2+ 30. Be2 Qa4 31. Qd8+ Bf8 32.
h4 dxe5 33. dxe5 e6 34. h5 gxh5 35. Qg5+ Bg7 36. Bxh5 Qc2+ 37. Be2 Nf8 38. Qd8 Qc6 39. Bf3 Qc2+ 40. Be2 Qc6 41. g4 h6 42. Bf3 Qc2+ 43.
Kg3 Qc3 44. Bf2 Qc4 45. Qe7 Qxf4+ 46. Kxf4 Ng6+ 47. Ke4 Nxe7 48. Bg3 Ng6 49. Be2 Bf8 50. Bc4 Kg7 51. Bb3 Be7 52. Bc4 Bd8 53. Bb3 Bc7 54.
Bc4 Nf8 55. Bb3 Nd7 56. Bc4 Bb6 57. Bb5 Nc5+ 58. Kf3 Nb3 59. Bc4 Nd2+ 0-1

[Event "*** Titled Tuesday Blitz"]
[Site "Chess.com"]
[Date "2019.12.03"]
[Round "3"]
[White "Everyfishknows"]
[Black "M1711"]
[Result "1/2-1/2"]
[WhiteElo "2304"]
[BlackElo "2518"]
[TimeControl "180+2"]
[EndTime "13:39:18 PST"]
[Termination "Game drawn - insufficient material"]

1. Nf3 Nf6 2. c4 g6 3. Nc3 Bg7 4.
e4 d6 5. d4 O-O 6. Be2 e5 7. O-O Na6 8. Re1 c6 9. Bf1 exd4 10.
Nxd4 Re8 11. h3 Nc5 12. f3 Nh5 13. Be3 Qh4 14. Bf2 Qg5 15. Nb3 Nxb3 16. axb3 Be5 17. Ne2 Bxh3 18. Qc1 Nf4 19. Nxf4 Bxf4 20. Be3 Bxe3+ 21.
Qxe3 Qxe3+ 22. Rxe3 Be6 23. Rd1 a5 24. Rxd6 g5 25.
Kf2 Kf8 26. Rd1 Ke7 27. c5 a4 28. b4 Bb3 29. Rd4 Red8 30. Red3 Rxd4 31. Rxd4 a3 32.
bxa3 Rxa3 33. Kg3 Be6 34. Bc4 Bxc4 35. Rxc4 Rb3 36. Kg4 h6 37. Rd4 Rb2 38. g3 Kf6 39. f4 Kg6 40. Rd6+ Kg7 41. fxg5 hxg5 42. Rd4 Kg6 43.
Rd6+ f6 44. e5 Rxb4+ 45. Kf3 g4+ 46. Ke3 Rc4 47. Rxf6+ Kg7 48. Rd6 Rxc5 49. Rd7+ Kg6 50. Rxb7 Rxe5+ 51. Kf4 Rg5 52. Rb6 Rc5 53. Kxg4 Rc4+ 54.
Kh3 Kf5 55. Rb8 Rc1 56. Rf8+ Kg5 57. Rg8+ Kf5 58. Rf8+ Kg5 59. Rg8+ Kf6 60. Rc8 c5 61. Kg4 c4 62. Kf4 c3 63. Ke3 Re1+ 64. Kd3 Rg1 65.
Rxc3 Rxg3+ 66. Kc4 Rxc3+ 67. Kxc3 1/2-1/2

[Event "*** Titled Tuesday Blitz"]
[Site "Chess.com"]
[Date "2019.12.03"]
[Round "3"]
[White "ElGasanov"]
[Black "sergoy"]
[Result "1/2-1/2"]
[WhiteElo "2672"]
[BlackElo "2904"]
[TimeControl "180+2"]
[EndTime "13:39:25 PST"]
[Termination "Game drawn by repetition"]

1. c4 e5 2. Nc3 Nf6 3. Nf3 Nc6 4. e4 Bc5 5. Nxe5 Nxe5 6. d4 Bb4 7. dxe5 Nxe4 8.
Qd4 Nxc3 9. bxc3 Be7 10. Qg4 O-O 11. Bh6 g6 12. Bxf8 Bxf8 13. Be2 d6 14. Qg3 dxe5 15.
Qxe5 Bd6 16. Qe3 Be6 17. c5 Bf8 18. O-O b6 19. Rfd1 Qh4 20. g3 Qe7 21. Bf3 Re8 22. Bc6 Rb8 23. Bd7 Bxd7 24. Qxe7 Bxe7 25. Rxd7 Bxc5 26.
Rxc7 Rd8 27. Rxa7 Rd2 28. Rf1 Rc2 29. Kg2 Rxc3 30. g4 h6 31. h3 Rc2 32. a4 Ra2 33.
Kf3 Kg7 34. h4 Ra3+ 35. Ke4 b5 36. Rc7 Rxa4+ 37. Kf3 Bd6 38. Rd7 Rf4+ 39. Ke3 Be5 40. Rd5 Kf6 41. g5+ hxg5 42. hxg5+ Kf5 43. Rb1 b4 44.
Rb5 Re4+ 45. Kf3 Rf4+ 46. Ke2 Re4+ 47. Kf1 Kxg5 48. f3 Rh4 49. Rxe5+ Kf6 50. Ree1 Kf5 51. Kg2 Rc4 52. Kg3 f6 53. Re3 g5 54. Reb3 Kg6 55. Rxb4 Rc2 56. Rb6 Rc5 57. Re1 Rf5 58. Ree6 Rf4 59. Rb5 Rc4 60. Rd6 Rf4 61. Re6 Rc4 62.
Re4 Rc1 63. Re6 Rc4 1/2-1/2

[Event "*** Titled Tuesday Blitz"]
[Site "Chess.com"]
[Date "2019.12.03"]
[Round "3"]
[White "RiskyDecision"]
[Black "nmpdk"]
[Result "1/2-1/2"]
[WhiteElo "2521"]
[BlackElo "2336"]
[TimeControl "180+2"]
[EndTime "13:39:32 PST"]
[Termination "Game drawn by agreement"]

1. d4 Nf6 2. c4 g6 3. g3 c5 4.
Nf3 Bg7 5. Bg2 O-O 6. O-O d6 7. dxc5 dxc5 8. Ne5 Nbd7 9. Nd3 Qc7 10. Nc3 a6 11. Bf4 e5 12. Bd2 Nb6 13. b3 Bf5 14. e4 Rad8 15. exf5 Rxd3 16. Qe2 Rd7 17. fxg6 hxg6 18.
Bg5 Nh7 19. Be3 f5 20. Nd5 Nxd5 21. Bxd5+ Kh8 22. f4 e4 23. Rad1 Nf6 24. Be6 Rxd1 25. Rxd1 Rd8 26. Rxd8+ Qxd8 27. Bxc5 Ng4 28. Kg2 Qa5 29. Bg1 Qc3 30. h3 Nf6 31. c5 Nh5 32.
Bf2 Bd4 33. Be1 Qxc5 34. Qc4 Qxc4 35. Bxc4 Kg7 36. Bd5 b6 37. b4 Kf6 38. Bb7 a5 39.
bxa5 bxa5 40. Bxa5 Ke7 41. Bc6 Nf6 42. a4 Kd6 43. Bb5 Kc5 44. Bd8 Nd5 45. Ba5 Nf6 46. Be1 Kb6 47. Be2 Bc5 48. a5+ Ka7 49. g4 Be3 50.
gxf5 gxf5 51. Bg3 Nd5 52. Bc4 Nxf4+ 53. Bxf4 Bxf4 54. Be6 Bc7 55. Bxf5 Bxa5 56. Bxe4 Bc3 57. h4 Kb6 58. h5 Kc7 59. h6 Kd8 60. h7 Ke7 61. h8=Q 1/2-1/2

[Event "*** Titled Tuesday Blitz"]
[Site "Chess.com"]
[Date "2019.12.03"]
[Round "3"]
[White "Slovak_fighter2000"]
[Black "Vuks91"]
[Result "0-1"]
[WhiteElo "2385"]
[BlackElo "2630"]
[TimeControl "180+2"]
[EndTime "13:39:44 PST"]
[Termination "Vuks91 won by checkmate"]

1. d4 Nf6 2. Bf4 c5 3. e3 Qb6 4.
Nc3 d6 5. Rb1 a6 6. Nf3 e6 7.
Be2 Be7 8. O-O O-O 9. h3 Rd8 10. Na4 Qc6 11. c4 b5 12. Nc3 b4 13. Na4 Bb7 14. b3 Nbd7 15. Ne1 e5 16. d5 Qc7 17.
Bh2 Re8 18. Bd3 g6 19. e4 Bf8 20. Nb2 Bg7 21. g4 Bh6 22. Ng2 Qd8 23. Qe2 Kh8 24. Bg3 Ng8 25. f3 a5 26. Nd1 Bc8 27. Nde3 a4 28.
h4 axb3 29. axb3 Ra3 30. Nc2 Ra2 31. Ra1 Rxa1 32. Rxa1 Bb7 33. g5 Bg7 34. Be1 f6 35. Bd2 Rf8 36. Nce1 h6 37. Qf2 f5 38. Qg3 f4 39. Qg4 h5 40. Qe6 Nb6 41. Qxg6 Ne7 42. Qxh5+ Kg8 43. g6 Rf6 44. Qh7+ Kf8 45. h5 Ng8 46. Nh4 Bc8 47. Ra7 Nd7 48. Neg2 Qe7 49. Be1 Qd8 50. Ra8 Qc7 51. h6 Nxh6 52. Nf5 Rxf5 53. exf5 Nf6 54. Qxg7+ Kxg7 55. Bh4 Nxf5 56. Bg5 Kxg6 57. Bxf4 exf4 58. Nxf4+ Kg5 59. Nh3+ Kh4 60. Nf4 Qg7+ 61. Ng2+ Kh3 62. Rxc8 Qxg2# 0-1

[Event "*** Titled Tuesday Blitz"]
[Site "Chess.com"]
[Date "2019.12.03"]
[Round "3"]
[White "olksuna"]
[Black "marcodobrikov"]
[Result "1-0"]
[WhiteElo "2603"]
[BlackElo "2352"]
[TimeControl "180+2"]
[EndTime "13:39:47 PST"]
[Termination "olksuna won by resignation"]

1. Nf3 c5 2. c4 Nc6 3. d4 cxd4 4. Nxd4 g6 5. e4 Bg7 6. Be3 Nf6 7. Nc3 O-O 8. Be2 d6 9. O-O Bd7 10. Nc2 Rc8 11.
f3 a6 12. Rc1 Ne5 13. Na3 Be6 14. b3 Qa5 15. Qd2 Qxa3 16. Nb1 Qxc1 17. Rxc1 Nfd7 18.
Nc3 Nc6 19. Nd5 Bxd5 20. exd5 Ncb8 21. b4 Rc7 22. f4 Rfc8 23. a4 Nf6 24. Bb6 Rd7 25.
Bf3 e5 26. dxe6 fxe6 27. b5 Kf7 28. Qd3 Bf8 29. Re1 d5 30. Qe3 Re8 31. c5 Rde7 32. Qd4 Rc8 33. h4 Ree8 34. Rc1 Nfd7 35. Ba7 Nf6 36.
Kh1 Rc7 37. Bb6 Rcc8 38. h5 gxh5 39. Qe5 Nbd7 40. Bxh5+ Nxh5 41. Qxh5+ Kg7 42. Rc3 Kh8 43. Rg3 Re7 44. Ba5 Bg7 45. Bc3 Bxc3 46. Rxc3 Rxc5 47. Rxc5 Nxc5 48. Qe5+ Kg8 49. Qd6 Rf7 50. Qxc5 axb5 51.
axb5 Rxf4 52. Qc8+ Kg7 53. Qxb7+ Kf6 54. Qxh7 Rb4 55.
Qh8+ Ke7 56. Qb8 d4 57. Qc7+ Kf6 58. b6 Rb1+ 59. Kh2 e5 60. b7 d3 61. b8=Q Rxb8 62.
Qxb8 e4 63. Qf4+ 1-0

[Event "*** Titled Tuesday Blitz"]
[Site "Chess.com"]
[Date "2019.12.03"]
[Round "3"]
[White "FelixJoseYnojosa"]
[Black "ChessBitl"]
[Result "1-0"]
[WhiteElo "2621"]
[BlackElo "2377"]
[TimeControl "180+2"]
[EndTime "13:39:50 PST"]
[Termination "FelixJoseYnojosa won on time"]

1. e4 c5 2. c3 Nf6 3. e5 Nd5 4. d4 cxd4 5. cxd4 Nc6 6. Nc3 Nxc3 7. bxc3 d6 8. f4 Qa5 9. d5 Nb8 10. Qd4 e6 11. Bc4 dxe5 12. Qxe5 Nd7 13. Qd4 e5 14. Qd2 exf4 15. Ne2 f3 16. gxf3 Bc5 17. Nd4 O-O 18.
O-O Ne5 19. Bb3 Bh3 20. Rf2 Rac8 21. Bb2 Qb6 22. Rd1 a5 23. Qf4 Ng6 24. Qg3 Bd7 25.
Ba1 a4 26. Bc2 Bd6 27. f4 Qc7 28. Rdf1 Be7 29. Rg2 Bf6 30. f5 Be5 31. Qg4 Kh8 32. h4 Rg8 33. h5 Nf4 34. Rgf2 g6 35. hxg6 fxg6 36. Kh1 gxf5 37. Qh4 Qd6 38. Rxf4 Bxf4 39. Qxf4 Qxd5+ 40. Nf3 Rg4 41. c4+ Kg8 42. Qxg4+ fxg4 43. cxd5 Rxc2 44. Ne5 Bb5 45. Re1 g3 46. d6 Rxa2 47. Bc3 Rc2 48. Bb4 Rb2 49. Ba5 Rf2 50.
d7 Bxd7 51. Nxd7 Rf5 52. Ne5 Kg7 53. Bc3 Rh5+ 54. Kg2 Rh2+ 55. Kxg3 Rc2 56. Re3 Kg8 57. Bd4 b5 58. Nd7 b4 59. Re7 b3 60. Nf6+ Kf8 61.
Rb7 b2 62. Bxb2 a3 63. Bxa3+ 1-0

[Event "*** Titled Tuesday Blitz"]
[Site "Chess.com"]
[Date "2019.12.03"]
[Round "3"]
[White "SHIVACalypso"]
[Black "TST2014"]
[Result "0-1"]
[WhiteElo "2291"]
[BlackElo "2515"]
[TimeControl "180+2"]
[EndTime "13:39:50 PST"]
[Termination "TST2014 won by checkmate"]

1. Nf3 Nf6 2. c4 g6 3. g3 Bg7 4.
Bg2 O-O 5. O-O d6 6. Nc3 c5 7. d3 Nc6 8. Rb1 a5 9. a3 Rb8 10. Ne1 Nd4 11. b4 axb4 12. axb4 h5 13. Nc2 h4 14. bxc5 dxc5 15. Nxd4 cxd4 16. Nd5 Nxd5 17.
Bxd5 b5 18. Bg2 h3 19. Bf3 Bb7 20. Rxb5 Bxf3 21. Rxb8 Qxb8 22. exf3 Qb7 23. Re1 Ra8 24. Qe2 f5 25. Qxe7 Qxf3 26. Qe6+ Kh7 27. Qd5 Re8 28. Rf1 Qxd3 29. c5 Qe4 30. Qxe4 fxe4 31. Bf4 d3 32. c6 Be5 33. Bxe5 Rxe5 34. Rc1 d2 35. Rd1 Rc5 36. Kf1 Rxc6 37. Ke2 Kh6 38. Rxd2 Rc1 39. f3 Rh1 40. Ke3 Re1+ 41. Kf2 Rh1 42. Ke3 exf3 43.
Kxf3 Kh5 44. Rd8 Rxh2 45. g4+ Kh4 46. Rh8+ Kg5 47. Kg3 Rg2+ 48. Kxh3 Rxg4 49. Ra8 Rf4 50. Ra5+ Rf5 51. Rxf5+ Kxf5 52. Kg3 Kg5 53. Kh3 Kf4 54.
Kg2 Kg4 55. Kf2 Kh3 56. Kf3 g5 57. Kf2 g4 58. Kg1 Kg3 59. Kh1 Kf2 60. Kh2 g3+ 61. Kh1 g2+ 62. Kh2 g1=Q+ 63. Kh3 Qg3# 0-1

[Event "*** Titled Tuesday Blitz"]
[Site "Chess.com"]
[Date "2019.12.03"]
[Round "3"]
[White "gmcorrales"]
[Black "Sergey85Rodchenkov"]
[Result "1/2-1/2"]
[WhiteElo "2730"]
[BlackElo "2445"]
[TimeControl "180+2"]
[EndTime "13:39:57 PST"]
[Termination "Game drawn by repetition"]

1. e4 c5 2. Nf3 e6 3. d4 cxd4 4. Nxd4 a6 5. Bd3 Bc5 6. Nb3 Ba7 7. Qe2 Nc6 8. Be3 Nge7 9. N1d2 O-O 10. f4 d6 11. a3 b6 12. Nf3 b5 13. Rd1 Qc7 14. O-O Bb7 15. Kh1 Bxe3 16. Qxe3 Rad8 17. Rd2 Rfe8 18. Rfd1 Ng6 19. c3 Qe7 20. Nbd4 Qf6 21.
Nxc6 Bxc6 22. e5 dxe5 23. fxe5 Qe7 24. Nd4 Bb7 25. Rf2 Qh4 26. Rdf1 Rd7 27. Kg1 Qh5 28. Bxg6 Qxg6 29. h3 h6 30. Kh2 Ree7 31. Re1 Qh5 32. Rf4 Qg5 33. Qf2 Rd5 34. Rg4 Qh5 35. Qg3 g6 36.
Re3 Red7 37. Rh4 Qg5 38. Rg4 Qh5 39. Re2 a5 40. Re3 b4 41. axb4 axb4 42. Rh4 Qg5 43.
Rg4 Qh5 44. Ree4 bxc3 45. bxc3 Ra5 46. Re2 Ra3 47. Nxe6 Ba6 48. Rf2 Ra5 49. Nf4 Qxe5 50. Rf3 g5 51. Re3 Qd6 52. Re8+ Kh7 53. Qf3 Rf5 54. Qe4 Qf6 55. Qa8 Rxf4 56. Rg3 Rf1 57. Ree3 Rd2 58. Qe4+ Qf5 59. Qa4 Qf2 60. Qe4+ Kg8 61.
Qa8+ Kh7 62. Qe4+ Kg8 63. Qe8+ Kh7 64. Qe4+ 1/2-1/2